TOP OF THE 1ST |
---|
Balzac Rams batting - Pitching for Bismark Border Guards : RHP Brandon Sweet | Pitching: RHP Brandon Sweet | | Batting: SHB Emílio Calvillo | 0-0: Foul Ball, location: 2F 0-1: Ball 1-1: Ball 2-1: Foul Ball, location: 2F 2-2: Strikes out looking | Batting: RHB Santiago Rivera | 0-0: Called Strike 0-1: Ball 1-1: Ball 2-1: Foul Ball, location: 2F 2-2: Foul Ball, location: 2F 2-2: Fly out, F7 (Flyball, 7LM) | Batting: RHB Ken Longoria | 0-0: Ball 1-0: Ball 2-0: Ball 3-0: Ground out 3-1 (Groundball, 34) | Top of the 1st over - 0 runs, 0 hits, 0 errors, 0 left on base; Balzac 0 - Bismark 0 | BOTTOM OF THE 1ST |
---|
Bismark Border Guards batting - Pitching for Balzac Rams : RHP Billy Jacobs | Pitching: RHP Billy Jacobs | | Batting: LHB Juan Viera | 0-0: Fly out, F8 (Flyball, 8RS) | Batting: LHB Will Hill | 0-0: Fly out, F4 (Flyball, 4D) | Batting: RHB Vincent Braun | 0-0: Ball 1-0: SINGLE (Popup, 23) | Batting: LHB Alan Moore | 0-0: Fly out, F9 (Flyball, 9) | Bottom of the 1st over - 0 runs, 1 hit, 0 errors, 1 left on base; Balzac 0 - Bismark 0 | TOP OF THE 2ND |
---|
Balzac Rams batting - Pitching for Bismark Border Guards : RHP Brandon Sweet | Batting: RHB Gunner Allen | 0-0: Ball 1-0: Called Strike 1-1: Called Strike 1-2: Foul Ball, location: 2F 1-2: Ball 2-2: Ball 3-2: Strikes out swinging | Batting: RHB Tommy Wilson | 0-0: Foul Ball, location: 2F 0-1: Ball 1-1: Foul Ball, location: 2F 1-2: Ball 2-2: Fly out, F8 (Line Drive, 8RM) | Batting: LHB Troy Jackson | 0-0: Ball 1-0: Ball 2-0: Swinging Strike 2-1: Ball 3-1: Base on Balls | Batting: RHB Lorenzo Silva | 0-0: Called Strike 0-1: Ball 1-1: Ball 2-1: Foul Ball, location: 2F 2-2: Foul Ball, location: 2F 2-2: Foul Ball, location: 2F 2-2: Foul Ball, location: 2F 2-2: Ground out 5-3 (Groundball, 56) | Top of the 2nd over - 0 runs, 0 hits, 0 errors, 1 left on base; Balzac 0 - Bismark 0 | BOTTOM OF THE 2ND |
---|
Bismark Border Guards batting - Pitching for Balzac Rams : RHP Billy Jacobs | Batting: RHB Mario Carranza | 0-0: Foul Ball, location: 2F 0-1: Ball 1-1: Foul Ball, location: 2F 1-2: Single, Error in OF, E7, batter to second base | Batting: RHB Danny Spode | 0-0: Ball Passed Ball! Mario Carranza to third 1-0: Called Strike 1-1: Foul Ball, location: 2F 1-2: Foul Ball, location: 2F 1-2: SINGLE (Flyball, 9S) Mario Carranza scores | Batting: RHB Leonard Harris | 0-0: Called Strike 0-1: Foul Ball, location: 2F 0-2: Strikes out looking | Batting: LHB Kelsey Scott | 0-0: Ball 1-0: Ball 2-0: Called Strike 2-1: Foul Ball, location: 2F 2-2: Foul Ball, location: 2F 2-2: Strikes out looking | Batting: RHB Sergio Solíz | 0-0: Ground out 1-3 (Groundball, 13) | Bottom of the 2nd over - 1 run, 2 hits, 1 error, 1 left on base; Balzac 0 - Bismark 1 | TOP OF THE 3RD |
---|
Balzac Rams batting - Pitching for Bismark Border Guards : RHP Brandon Sweet | Batting: RHB Ricardo Muńóz | 0-0: Ball 1-0: Swinging Strike 1-1: Foul Ball, location: 2F 1-2: Fly out, F8 (Flyball, 8LD) | Batting: RHB Josh Baker | 0-0: Called Strike 0-1: Foul Ball, location: 2F 0-2: Strikes out swinging | Batting: SHB Emílio Calvillo | 0-0: Called Strike 0-1: Ball 1-1: Ball 2-1: Swinging Strike 2-2: SINGLE (Groundball, 4MD) | Batting: RHB Santiago Rivera | 0-0: Called Strike 0-1: Ball 1-1: Ball 2-1: SINGLE (Line Drive, 7LS) Emílio Calvillo to second Runner from 2nd tries for 3rd, SAFE, no throw | Batting: RHB Ken Longoria | 0-0: Swinging Strike 0-1: Fly out, F7 (Flyball, 7D) | Top of the 3rd over - 0 runs, 2 hits, 0 errors, 2 left on base; Balzac 0 - Bismark 1 | BOTTOM OF THE 3RD |
---|
Bismark Border Guards batting - Pitching for Balzac Rams : RHP Billy Jacobs | Batting: LHB Juan Viera | 0-0: Ball 1-0: Ball 2-0: Ball 3-0: Called Strike 3-1: Called Strike 3-2: Base on Balls | Batting: LHB Will Hill | 0-0: Ball 1-0: Ball Juan Viera steals 2nd base 2-0: Ball 3-0: Called Strike 3-1: Foul Ball, location: 2F 3-2: Ground out U3 (Groundball, 3) Juan Viera to third | Batting: RHB Vincent Braun | 0-0: Ball 1-0: Foul Ball, location: 2F 1-1: 2-RUN HOME RUN (Flyball, 7D), Distance : 386 ft | Batting: LHB Alan Moore | 0-0: Ball 1-0: SINGLE (Line Drive, 89S) | Batting: RHB Mario Carranza | 0-0: Called Strike 0-1: Ball 1-1: Foul Ball, location: 2F 1-2: Strikes out swinging | Batting: RHB Danny Spode | 0-0: Ball 1-0: Called Strike 1-1: Foul Ball, location: 2F 1-2: Ball 2-2: Foul Ball, location: 2F 2-2: Fly out, F3 (Popup, 23) | Bottom of the 3rd over - 2 runs, 2 hits, 0 errors, 1 left on base; Balzac 0 - Bismark 3 | TOP OF THE 4TH |
---|
Balzac Rams batting - Pitching for Bismark Border Guards : RHP Brandon Sweet | Batting: RHB Gunner Allen | 0-0: Swinging Strike 0-1: Foul Ball, location: 2F 0-2: Strikes out swinging | Batting: RHB Tommy Wilson | 0-0: Ball 1-0: Fly out, F9 (Flyball, 9) | Batting: LHB Troy Jackson | 0-0: Ground out 5-3 (Groundball, 5) | Top of the 4th over - 0 runs, 0 hits, 0 errors, 0 left on base; Balzac 0 - Bismark 3 | BOTTOM OF THE 4TH |
---|
Bismark Border Guards batting - Pitching for Balzac Rams : RHP Billy Jacobs | Batting: RHB Leonard Harris | 0-0: Called Strike 0-1: Ball 1-1: Called Strike 1-2: Ball 2-2: Ball 3-2: Base on Balls | Batting: LHB Kelsey Scott | 0-0: Ball Leonard Harris steals 2nd base 1-0: Ball 2-0: Ball 3-0: Base on Balls | Batting: RHB Sergio Solíz | 0-0: Foul Ball, location: 2F 0-1: 3-RUN HOME RUN (Flyball, 7D), Distance : 381 ft | Batting: LHB Juan Viera | 0-0: Ball 1-0: Ball 2-0: SINGLE (Groundball, 56) (infield hit) | Batting: LHB Will Hill | 0-0: Ball 1-0: Foul Ball, location: 2F 1-1: Foul Ball, location: 2F 1-2: Ball 2-2: Foul Ball, location: 2F 2-2: Fly out, F8 (Flyball, 8RD) | Batting: RHB Vincent Braun | 0-0: Ball Wild Pitch! Juan Viera to second 1-0: Ball Juan Viera steals 3rd base 2-0: SINGLE (Groundball, 4MD) Juan Viera scores | Batting: LHB Alan Moore | 0-0: Foul Ball, location: 2F 0-1: Fly out, F6 (Popup, 6D) | Batting: RHB Mario Carranza | 0-0: Ball 1-0: Called Strike 1-1: Ball 2-1: Foul Ball, location: 2F 2-2: Foul Ball, location: 2F 2-2: SINGLE (Line Drive, 7S) Vincent Braun to second | Batting: RHB Danny Spode | 0-0: Ball 1-0: Foul Ball, location: 2F 1-1: Foul Ball, location: 2F 1-2: Fly out, F8 (Line Drive, 8LS) | Bottom of the 4th over - 4 runs, 4 hits, 0 errors, 2 left on base; Balzac 0 - Bismark 7 | TOP OF THE 5TH |
---|
Balzac Rams batting - Pitching for Bismark Border Guards : RHP Brandon Sweet | Batting: RHB Lorenzo Silva | 0-0: Ball 1-0: Foul Ball, location: 2F 1-1: Foul Ball, location: 2F 1-2: Foul Ball, location: 2F 1-2: Foul Ball, location: 2F 1-2: Ball 2-2: Foul Ball, location: 2F 2-2: Fly out, F8 (Flyball, 8LXD) | Batting: RHB Ricardo Muńóz | 0-0: Foul Ball, location: 2F 0-1: Ball 1-1: Ball 2-1: Foul Ball, location: 2F 2-2: Fly out, F8 (Flyball, 89M) | Batting: RHB Josh Baker | 0-0: Foul Ball, location: 2F 0-1: Ball 1-1: Ball 2-1: Foul Ball, location: 2F 2-2: SINGLE (Groundball, 6MD) | Batting: SHB Emílio Calvillo | 0-0: Foul Ball, location: 2F 0-1: Foul Ball, location: 2F 0-2: Foul Ball, location: 2F 0-2: Ball 1-2: Fly out, F7 (Flyball, 7S) | Top of the 5th over - 0 runs, 1 hit, 0 errors, 1 left on base; Balzac 0 - Bismark 7 | BOTTOM OF THE 5TH |
---|
Bismark Border Guards batting - Pitching for Balzac Rams : RHP Billy Jacobs | Batting: RHB Leonard Harris | 0-0: Swinging Strike 0-1: Ball 1-1: Called Strike 1-2: Strikes out swinging | Batting: LHB Kelsey Scott | 0-0: Called Strike 0-1: Ball 1-1: Swinging Strike 1-2: Ball 2-2: Ground out 5-3 (Groundball, 56) | Batting: RHB Sergio Solíz | 0-0: Called Strike 0-1: Foul Ball, location: 2F 0-2: Fly out, F8 (Flyball, 8RM) | Bottom of the 5th over - 0 runs, 0 hits, 0 errors, 0 left on base; Balzac 0 - Bismark 7 | TOP OF THE 6TH |
---|
Balzac Rams batting - Pitching for Bismark Border Guards : RHP Brandon Sweet | Batting: RHB Santiago Rivera | 0-0: SINGLE (Groundball, 56D) | Batting: RHB Ken Longoria | 0-0: Ball 1-0: Called Strike 1-1: DOUBLE (Line Drive, 89D) Santiago Rivera to third | Batting: RHB Gunner Allen | 0-0: Foul Ball, location: 2F 0-1: Ball 1-1: Foul Ball, location: 2F 1-2: Ball 2-2: Foul Ball, location: 2F 2-2: Ground out 6-3 (Groundball, 6M) Santiago Rivera scores Ken Longoria to third | Batting: RHB Tommy Wilson | 0-0: Called Strike 0-1: Called Strike 0-2: Ball 1-2: DOUBLE (Flyball, 8RXD) Ken Longoria scores | Batting: LHB Troy Jackson | 0-0: Ball 1-0: Ball 2-0: Swinging Strike 2-1: Ball 3-1: Called Strike 3-2: Strikes out looking | Batting: RHB Lorenzo Silva | 0-0: Ball 1-0: DOUBLE (Line Drive, 78D) Tommy Wilson scores | Pitching: RHP Marcos Medina | | Batting: RHB Ricardo Muńóz | 0-0: SINGLE (Flyball, 8LS) Lorenzo Silva to third Runner from 3rd tries for Home, throw and OUT! | Top of the 6th over - 3 runs, 5 hits, 0 errors, 1 left on base; Balzac 3 - Bismark 7 | BOTTOM OF THE 6TH |
---|
Bismark Border Guards batting - Pitching for Balzac Rams : RHP Billy Jacobs | Pitching: LHP Ben Turner | | Batting: LHB Juan Viera | 0-0: Called Strike 0-1: Ground out 4-3 (Groundball, 4M) | Batting: LHB Will Hill | 0-0: Swinging Strike 0-1: Swinging Strike 0-2: Ball 1-2: SINGLE (Line Drive, 7S) | Batting: RHB Vincent Braun | 0-0: Called Strike 0-1: Foul Ball, location: 2F 0-2: Ball 1-2: Ball 2-2: Ball 3-2: Grounds into double play, 4-6-3 (Groundball, 4) | Bottom of the 6th over - 0 runs, 1 hit, 0 errors, 0 left on base; Balzac 3 - Bismark 7 | TOP OF THE 7TH |
---|
Balzac Rams batting - Pitching for Bismark Border Guards : RHP Marcos Medina | Batting: RHB Josh Baker | 0-0: Ball 1-0: Called Strike 1-1: Called Strike 1-2: Strikes out swinging | Batting: SHB Emílio Calvillo | 0-0: Ball 1-0: Called Strike 1-1: Called Strike 1-2: Ground out U3 (Groundball, 34) | Batting: RHB Santiago Rivera | 0-0: Called Strike 0-1: Ball 1-1: Ground out 5-3 (Groundball, 56S) | Top of the 7th over - 0 runs, 0 hits, 0 errors, 0 left on base; Balzac 3 - Bismark 7 | BOTTOM OF THE 7TH |
---|
Bismark Border Guards batting - Pitching for Balzac Rams : LHP Ben Turner | Batting: LHB Alan Moore | 0-0: Called Strike 0-1: Ball 1-1: Ball 2-1: Foul Ball, location: 2F 2-2: Ball 3-2: SINGLE (Flyball, 78S) | Batting: RHB Mario Carranza | 0-0: SINGLE (Line Drive, 6D) Alan Moore to second | Batting: RHB Danny Spode | 0-0: Called Strike 0-1: Foul Ball, location: 2F 0-2: Ball 1-2: Ball 2-2: SINGLE (Line Drive, 8RS) Alan Moore to third Mario Carranza to second | Batting: RHB Leonard Harris | 0-0: Swinging Strike 0-1: Called Strike 0-2: Ball 1-2: Ball 2-2: Fly out, F8 (Flyball, 78M) Runner from 3rd tags up, OUT at HOME Mario Carranza to third Danny Spode to second | Batting: LHB Kelsey Scott | 0-0: Foul Ball, location: 2F 0-1: Foul Ball, location: 2F 0-2: Ball 1-2: Foul Ball, location: 2F 1-2: Foul Ball, location: 2F 1-2: Strikes out looking | Bottom of the 7th over - 0 runs, 3 hits, 0 errors, 2 left on base; Balzac 3 - Bismark 7 | TOP OF THE 8TH |
---|
Balzac Rams batting - Pitching for Bismark Border Guards : RHP Marcos Medina | Batting: RHB Ken Longoria | 0-0: Swinging Strike 0-1: Ball 1-1: Ball 2-1: Ground out 4-3 (Groundball, 4) | Batting: RHB Gunner Allen | 0-0: Ball 1-0: Ball 2-0: Ball 3-0: Base on Balls | Batting: RHB Tommy Wilson | 0-0: Called Strike 0-1: Ball 1-1: Ball 2-1: 2-RUN HOME RUN (Flyball, 78XD), Distance : 408 ft | Pitching: RHP Esteban Corona | | Batting: LHB Troy Jackson | 0-0: Ball 1-0: Foul Ball, location: 2F 1-1: SINGLE (Line Drive, 89S) | Batting: RHB Lorenzo Silva | 0-0: Ball 1-0: Ball 2-0: Ball 3-0: Called Strike 3-1: Swinging Strike 3-2: Strikes out looking | Batting: RHB Ricardo Muńóz | 0-0: Ball 1-0: Foul Ball, location: 2F 1-1: Ball 2-1: DOUBLE (Line Drive, 89M) Troy Jackson to third Runner from 3rd tries for Home, SAFE, throw made at trailing runner, OUT at third! | Top of the 8th over - 3 runs, 3 hits, 0 errors, 0 left on base; Balzac 6 - Bismark 7 | BOTTOM OF THE 8TH |
---|
Bismark Border Guards batting - Pitching for Balzac Rams : LHP Ben Turner | Batting: RHB Sergio Solíz | 0-0: Fly out, F9 (Flyball, 89D) | Batting: LHB Juan Viera | 0-0: Ball 1-0: Foul Ball, location: 2F 1-1: Swinging Strike 1-2: Ball 2-2: Foul Ball, location: 2F 2-2: Strikes out swinging | Batting: LHB Will Hill | 0-0: Ball 1-0: Foul Ball, location: 2F 1-1: Ball 2-1: Ball 3-1: Foul Ball, location: 2F 3-2: SINGLE (Flyball, 78S) | Pinch Runner at 1st José Vidal: | | Batting: RHB Vincent Braun | 0-0: Called Strike 0-1: Foul Ball, location: 2F 0-2: Ball 1-2: Fly out, F6 (Popup, 6M) | Bottom of the 8th over - 0 runs, 1 hit, 0 errors, 1 left on base; Balzac 6 - Bismark 7 | TOP OF THE 9TH |
---|
Balzac Rams batting - Pitching for Bismark Border Guards : RHP Esteban Corona | Now at SS: José Vidal | | Pinch Hitting: RHB Brian Parks | 0-0: Called Strike 0-1: Fly out, F9 (Line Drive, 9) | Batting: SHB Emílio Calvillo | 0-0: Ball 1-0: Called Strike 1-1: Ground out 4-3 (Groundball, 4) | Batting: RHB Santiago Rivera | 0-0: Called Strike 0-1: Ground out 6-3 (Groundball, 6) | Top of the 9th over - 0 runs, 0 hits, 0 errors, 0 left on base; Balzac 6 - Bismark 7 | |